Map: Last Fantasy LE

Players

ManlyManMeat - Winner!

  • Race: Zerg Zerg
  • League: Diamond
  • Spawn Location: 12:00

VOD

Have the link to the VOD?

Description

Time

  • Played on: June 22, 2025, 4:53 p.m.
  • Length: 11:31
Show
View Real Time Build Order
Export as new Build Order

ManlyManMeat Zerg - Winner!

Build Orders:  

Get SALT Encoding   

  12  0:00  Drone  
  13  0:11  Drone  
  14  0:23  Drone, Extractor  
  15  0:31  Overlord  
  15  0:58  Drone  
  16  1:06  Hatchery  
  15  1:12  Drone  
  15  1:17  Drone  
  17  1:22  Drone  
  18  1:40  Extractor  
  18  1:46  Spawning Pool  
  16  1:52  Drone  
  16  1:55  Drone  
  18  2:14  Drone  
  18  2:16  Drone  
  20  2:52  Queen  
  20  2:53  Queen  
  20  2:54  Zergling x4  
  26  3:00  Overlord  
  26  3:13  Drone  
  26  3:16  Drone  
  28  3:43  Hatchery  
  27  3:54  Drone x4  
  27  3:57  Metabolic Boost  
  31  4:02  Overlord  
  30  4:15  Drone  
  30  4:16  Drone  
  30  4:18  Drone  
  33  4:37  Drone x2  
  33  4:38  Drone  
  36  4:41  Drone x3  
  36  4:49  Queen  
  41  4:52  Overlord  
  41  5:01  Drone  
  41  5:08  Overlord  
  42  5:20  Drone x2  
  42  5:25  Baneling Nest  
  42  5:26  Extractor  
  42  5:39  Drone x4  
  46  5:40  Drone x3  
  46  5:42  Drone  
  50  6:02  Drone x2, Evolution Chamber  
  50  6:03  Drone x3  
  50  6:05  Evolution Chamber  
  53  6:14  Extractor  
  53  6:19  Lair  
  52  6:21  Drone x3  
  52  6:22  Drone  
  52  6:25  Drone x2  
  52  6:26  Drone  
  52  6:28  Overlord  
  59  6:36  Queen  
  61  6:40  Overlord  
  61  6:46  Queen  
  61  6:49  Zerg Melee Weapons Level 1  
  63  6:55  Zerg Ground Armor Level 1  
  63  7:02  Zergling x2  
  63  7:03  Zergling x6  
  63  7:07  Drone  
  68  7:17  Centrifugal Hooks  
  68  7:29  Zergling x22  
  79  7:55  Drone x2  
  79  7:58  Hatchery  
  80  8:00  Hatchery  
  79  8:12  Zergling x2  
  79  8:13  Zergling x4  
  79  8:14  Overlord x2  
  79  8:15  Overlord  
  79  8:16  Overseer  
  82  8:24  Overseer  
  82  8:27  Overlord  
  82  8:28  Overlord x2  
  82  8:52  Zergling x12  
  82  8:55  Baneling  
  82  8:56  Baneling x4  
  82  8:57  Baneling  
  82  8:58  Baneling  
  82  8:59  Baneling  
  88  9:04  Hatchery  
  87  9:13  Hatchery  
  86  9:22  Zergling x20  
  96  9:44  Unknown  
  96  9:59  Zergling x26  
  100  10:05  Unknown  
  97  10:15  Zergling x2  
  97  10:16  Zergling x22  
  109  10:38  Infestation Pit, Hydralisk Den  
  107  10:47  Zergling x2  
  107  10:48  Zergling x20  
  111  11:00  Unknown  
  111  11:03  Zergling x24  
Tags
 
League
Diamond
Matchup
Co-op
Replay Pack
Myownreplay2
Add a new tag
Caveats
  • Supply blocks, unpowered buildings, or Contaminate may cause inaccurate times.
  • Supply counts are checked every 10 seconds.